 Dungeon Crawl Stone Soup version 0.29.1-1-gd02db6906a (webtiles) character file.

Game seed: 6179540145315284564

70 safid the Shooter (level 4, -8/38 HPs)
             Began as a Minotaur Hunter on Oct 7, 2022.
             Mangled by Sigmund
             ... wielding a +0 scythe
              (9 damage)
             ... on level 3 of the Dungeon.
             The game lasted 00:03:18 (1963 turns).

safid the Shooter (Minotaur Hunter)                 Turns: 1963, Time: 00:03:19

Health: -8/38      AC:  5    Str: 15    XL:     4   Next: 4%
Magic:  3/3        EV: 12    Int:  6    God:
Gold:   91         SH:  0    Dex: 16    Spells: 3/3 levels left

rFire   . . .      SeeInvis .   a - +0 shortbow
rCold   + . .      Faith    .   (shield currently unavailable)
rNeg    . . .      Spirit   .   c - +0 leather armour
rPois   .          Reflect  .   k - +2 hat
rElec   .          Harm     .   (no cloak)
rCorr   .          Rampage  .   (no gloves)
Will    .....                   (no boots)
Stlth   +.........              (no amulet)
HPRegen 0.12/turn               n - ring of protection from cold
MPRegen 0.08/turn               (no ring)

@: no status effects
A: horns 2, retaliatory headbutt
a: no special abilities


You were on level 3 of the Dungeon.
You visited 1 branch of the dungeon, and saw 3 of its levels.

You collected 91 gold pieces.

Inventory:

Hand Weapons
 a - a +0 shortbow (weapon)
Armour
 c - a +0 leather armour (worn)
 k - a +2 hat (worn)
Jewellery
 n - a ring of protection from cold (left hand)
Scrolls
 b - a scroll of immolation
 d - 2 scrolls of teleportation {unknown}
 e - a scroll of fog {unknown}
 f - a scroll of silence {unknown}
 j - a scroll of poison {unknown}
 l - 2 scrolls of blinking {unknown}
 m - 3 scrolls of amnesia {unknown}
 o - a scroll of torment {unknown}
Potions
 g - a potion of heal wounds {unknown}
 h - a potion of mutation {unknown}
 i - a potion of flight {unknown}
 p - a potion of ambrosia {unknown}
 q - a potion of might {unknown}


   Skills:
 - Level 3.0 Fighting
 + Level 6.0 Ranged Weapons
 - Level 2.1 Dodging
 - Level 0.7 Stealth


You had 3 spell levels left.
You didn't know any spells.
Your spell library was empty.

Dungeon Overview and Level Annotations

Branches:
Dungeon (3/15)

Altars:
The Shining One

Annotations:
D:3 Sigmund


Innate Abilities, Weirdness & Mutations

You have a pair of horns on your head.
You reflexively headbutt those who attack you in melee.


Message History

Sigmund gestures at you while chanting. The magic dart hits you!
The hobgoblin barely misses you.
Sigmund screams, "Don't try to resist!"
Sigmund barely misses you.
Found a stone staircase leading down.
The hobgoblin closely misses you. The hobgoblin barely misses you.
Sigmund mumbles some strange words.
Sigmund flickers and vanishes!
Deactivating autopickup; reactivate with Ctrl-A.
The hobgoblin attacks as you move away! The hobgoblin barely misses you.
You feel less confused. Something hits you.
You see here a scroll labelled AQIDODOULYO.
The hobgoblin attacks as you move away! The hobgoblin closely misses you.
You hear some strange, mumbled words.
Something tries to affect you, but you resist.
The hobgoblin closely misses you. The hobgoblin attacks as you move away!
The hobgoblin misses you. The hobgoblin attacks as you move away!
The hobgoblin hits you. The hobgoblin completely misses you.
You furiously retaliate!
You headbutt the hobgoblin.
You see here a bat corpse.
The hobgoblin attacks as you move away! The hobgoblin hits you.
The hobgoblin attacks as you move away! The hobgoblin misses you.
The hobgoblin attacks as you move away! The hobgoblin barely misses you.
You furiously retaliate!
You headbutt the hobgoblin.
You kill the hobgoblin!
A magic dart appears from out of thin air!
The magic dart hits you.
* * * LOW HITPOINT WARNING * * *
You are confused.
You bump into the rock wall.
You're too confused to move!
Something hits you.
* * * LOW HITPOINT WARNING * * *
You feel less confused. Something hits you.
* * * LOW HITPOINT WARNING * * *
Something hits you!
You die...

# # .## #.. #. ..####
....#.##....######
#.................
.......<.##....#
......##...###.#
###....###.....###
##.............#### ..
.....#.#@..)#....# .#
##.# #.#....#....# .# #
#.#.........##.#
#......###...).#
#..........##...######
.....#.####............
###....# ####...####.#
#.#.## ###.......
#.#.#########...###.#


There were no monsters in sight!

Vanquished Creatures
  3 worms (D:2)
  3 dart slugs
  6 ball pythons
  5 endoplasms
  2 giant cockroaches
  5 goblins
  6 hobgoblins
  6 kobolds
  2 quokkas (D:2)
  5 bats
  5 frilled lizards
  7 rats
55 creatures vanquished.

Notes
Turn   | Place    | Note
-------+----------+-------------------------------------------
     0 | D:1      | safid the Minotaur Hunter began the quest for the Orb.
     0 | D:1      | Reached XP level 1. HP: 18/18 MP: 0/0
   215 | D:1      | Reached XP level 2. HP: 25/25 MP: 1/1
   691 | D:1      | Reached skill level 5 in Ranged Weapons
   721 | D:1      | Found a faded altar of an unknown god.
  1161 | D:2      | Reached XP level 3. HP: 18/31 MP: 2/2
  1430 | D:2      | Found a glowing golden altar of the Shining One.
  1837 | D:3      | Reached XP level 4. HP: 29/38 MP: 3/3
  1924 | D:3      | Reached skill level 6 in Ranged Weapons
  1927 | D:3      | Noticed Sigmund
  1961 | D:3      | HP: 1/38 [something (2)]
  1963 | D:3      | Mangled by Sigmund

Illustrated notes

Levels and vault maps discovered:
D:1:      saegor_arrival_simple_b, layout_loops_corners,
          shapermc_ecumenical_altar_mp_highgroup, st_stairs_12
D:2:      layout_rooms, basic_altar
D:3:      layout_rooms, uniq_sigmund, uniq_natasha

Skill      XL: |  1  2  3  4 |
---------------+-------------+-----
Fighting       | 3 |  3.0
Ranged Weapons | 5 6 |  6.0
Dodging        | |  2.1
Stealth        | |  0.7

Action                   |  1- 3 |  4- 6 || total
-------------------------+-------+-------++-------
 Fire: Shortbow          |   153 |     8 ||   161
Armor: Leather armour    |    30 |     1 ||    31
Dodge: Dodged            |    49 |    14 ||    63
